 Dungeon Crawl Stone Soup version 0.22-a0-565-gfc6459a (webtiles) character file.

293 Amnesiac the Magician (level 6, -4/30 HPs)
             Began as a Spriggan Wanderer on June 28, 2018.
             Killed from afar by Ijyb (8 damage)
             ... with a wand of flame (33)
             ... on level 4 of the Dungeon.
             The game lasted 00:04:09 (1244 turns).

Amnesiac the Magician (Spriggan Wanderer)           Turns: 1244, Time: 00:04:09

Health: -4/30      AC:  2    Str: 11    XL:     6   Next: 11%
Magic:  14/14      EV: 18    Int: 14    God:
Gold:   124        SH:  0    Dex: 14    Spells: 15/15 levels left

rFire    . . .     SeeInvis +   a - +2 dagger (venom)
rCold    . . .     Gourm    .   (shield restricted)
rNeg     . . .     Faith    .   d - +0 robe
rPois    .         Spirit   .   (helmet restricted)
rElec    .         Reflect  .   (no cloak)
rCorr    .         Harm     .   (gloves unavailable)
MR       +....                  (boots unavailable)
Stlth    +++.......             (no amulet)
HPRegen  0.10/turn              (no ring)
MPRegen  0.14/turn              (no ring)

@: very quick
A: very small, unfitting armour, see invisible, herbivore, speed 3, slow
metabolism 2
a: no special abilities


You were on level 4 of the Dungeon.
You were not hungry.

You visited 1 branch of the dungeon, and saw 5 of its levels.

You collected 124 gold pieces.

Inventory:

Hand Weapons
 a - a +2 dagger of venom (weapon)
Armour
 d - a +0 robe (worn)
Wands
 c - a wand of flame (3)
Scrolls
 b - a scroll of noise {!r, unknown}
 e - a scroll of enchant armour {!r, unknown}
 j - a scroll of enchant weapon {!r, unknown}
 k - a scroll of remove curse {!r, unknown}
 l - a scroll of fog {!r, unknown}
Potions
 g - a potion of agility {!q, unknown}
 h - 2 potions of mutation {!q, unknown}
 i - a potion of might {!q, unknown}
 m - a potion of brilliance {!q, unknown}
Comestibles
 f - 4 rations


   Skills:
 - Level 1.5 Fighting
 + Level 4.7 Short Blades
 + Level 3.3 Dodging
 + Level 4.2 Stealth
 - Level 5.3 Spellcasting
   Level 1.0 Poison Magic
 + Level 3.4 Evocations


You had 15 spell levels left.
You didn't know any spells.
Your spell library contained the following spells:

 Spells                   Type           Power        Failure   Level  Hunger
 Animate Skeleton         Necr           N/A          17%         1    None
 Vampiric Draining        Necr           #.........   45%         3    ###....


Dungeon Overview and Level Annotations

Branches:
Dungeon (5/15)
 Temple: D:4-7

Altars:
Elyvilon
Fedhas

Annotations:
D:3 Grinder, Robin
D:4 Ijyb


Innate Abilities, Weirdness & Mutations

You are very small and have problems with some larger weapons.
You are too small for most types of armour.
You have supernaturally acute eyesight. (SInv)
You are a herbivore.
You cover ground extremely quickly.
You need to consume almost no food.


Message History

You are too injured to fight recklessly!
You are too injured to fight recklessly!
Evoke which item? (* to show all) (? for menu, Esc to quit)
Aiming: Throw Flame
Press: ? - help, Shift-Dir - straight line, f - orc wizard
Aim: an orc wizard, wielding a dagger and wearing a robe (severely wounded, poisoned)
The puff of flame misses the orc wizard.
You barely miss the orc wizard.
The orc wizard is severely wounded.
The orc wizard closely misses you.
You hit the orc wizard but do no damage.
The orc wizard looks even sicker.
The orc wizard is severely wounded.
You hit the orc wizard.
You kill the orc wizard!
You have reached level 6!
Your experience leads to an increase in your attributes!
Increase (S)trength, (I)ntelligence, or (D)exterity?
You feel stronger.
Things that are here:
a dagger; a robe; an orc corpse You start resting.
HP restored.
There is an open door here.
An orc comes into view. It is wielding a flail.
There is an open door here.
An orc is nearby!
An orc is nearby!
The orc shouts!
The orc closely misses you.
You hit the orc but do no damage.
The orc is poisoned.
The orc barely misses you.
You closely miss the orc. You hit the orc.
The orc looks even sicker.
The orc is moderately wounded.
The orc hits you with a flail.
You hit the orc.
The orc looks as sick as possible!
The orc is severely wounded.
You hit the orc.
You kill the orc!
You start resting.
HP restored.
You see here a flail.
Ijyb is too close now for your liking.
Ijyb is nearby!
Ijyb is nearby!
Ijyb is nearby!
Ijyb shouts!
Ijyb screams, "It's all mine!"
Ijyb misses you.
You barely miss Ijyb. You completely miss Ijyb. Ijyb screams, "Me kill you!"
Ijyb zaps a wand.
The puff of flame hits you!
* * * LOW HITPOINT WARNING * * *
You hit Ijyb but do no damage.
Ijyb is poisoned.
Ijyb barely misses you.
You barely miss Ijyb.
Ijyb zaps a wand.
The puff of flame hits you!
* * * LOW HITPOINT WARNING * * *
You completely miss Ijyb.
Ijyb is lightly wounded.
Ijyb drinks a potion.
Ijyb is healed!
Ijyb looks more healthy.
Ijyb screams, "Die!"
Ijyb zaps a wand.
The puff of flame hits you!
You die...

..#### #.#.# #..#.#
#.#..'..... ..#
#.#.######.#.###.####.....
########'#............#.#
#..... #
#......########..#.#.#
######
####..................#.#
.
............##..#g....#.#
#
.............[..#..>#.#)#
.............#..#.#.#.#.#
............(#..@.....#.#
.............##.#.#.###.#
.............##.#.#.....#
.............##.#.#######
.............##.#.#
.............##.#.#
.......)....)##.#.#
...........(.##.#.#
.............##.#


You could see Ijyb.

Vanquished Creatures
  Menkaure (D:4)
  An ogre (D:4)
  An orc wizard (D:4)
  2 worker ants (D:4)
  An adder skeleton (D:4)
  7 orcs (D:4)
  2 frilled lizards
  A rat (D:2)
16 creatures vanquished.

Notes
Turn   | Place    | Note
-------+----------+-------------------------------------------
     0 | D:1      | Amnesiac the Spriggan Wanderer began the quest for the Orb.
     0 | D:1      | Amnesiac set off with: a wand of flame (15), a potion of lignification {!q}, a +0 robe, a +0 dagger, a ration
     0 | D:1      | Reached XP level 1. HP: 10/10 MP: 7/7
    34 | D:2      | Found a white marble altar of Elyvilon.
    98 | D:3      | Noticed Grinder
   109 | D:3      | Noticed Robin
   206 | D:4      | Noticed a worker ant
   218 | D:4      | Killed a worker ant
   218 | D:4      | Reached XP level 2. HP: 12/14 MP: 9/9
   389 | D:4      | Reached XP level 3. HP: 16/18 MP: 10/10
   486 | D:5      | Entered Level 5 of the Dungeon
   486 | D:5      | Found a blossoming altar of Fedhas.
   522 | D:4      | Noticed Menkaure
   524 | D:4      | Killed Menkaure
   524 | D:4      | Reached XP level 4. HP: 20/22 MP: 12/12
   524 | D:4      | Reached XP level 5. HP: 23/25 MP: 13/13
   542 | D:4      | Noticed an ogre
   548 | D:4      | Killed an ogre
   670 | D:4      | Noticed Ijyb
   986 | D:4      | Reached XP level 6. HP: 7/30 MP: 14/14
  1244 | D:4      | Killed from afar by Ijyb

Vault maps used:
D:1:      minmay_arrival_hallway, minmay_close_crescents
D:2:      marbit_many_paths, chequers_ecumenical_altar_twisty
D:3:      minmay_diamond_boxcup, first_ration, minmay_misc_feat_plants,
          grunt_decor_mini_mirrors, uniq_terence, uniq_robin, uniq_grinder
D:4:      eino_tiny_chamber, uniq_menkaure, uniq_ijyb
D:5:      minmay_temple_entry_grid, serial_shops, shop, basic_altar

Skill      XL: |  1  2  3  4  5 |
---------------+----------------+-----
Short Blades   | 3 4 |  4.7
Dodging        | 2 3 |  3.3
Stealth        | 3 4 |  4.2
Evocations     | 2 3 |  3.4
Fighting       | |  1.5
Spellcasting   | |  5.3
Poison Magic   | |  1.0

Action                   |  1- 3 |  4- 6 || total
-------------------------+-------+-------++-------
Melee: Dagger            |    23 |    28 ||    51
Evoke: Wand              |     1 |    11 ||    12
  Use: Potion            |     2 |       ||     2
 Stab: Sleeping          |     1 |     1 ||     2
Armor: Robe              |     4 |       ||     4
       Skin              |     4 |       ||     4
Dodge: Dodged            |    18 |    12 ||    30

Table legend:
 A = Spawn XP
 B = Non-spawn XP
 C = Spawn XP percentage of total XP
 D = Spawn monster count
 E = Non-spawn monster count
 F = Spawn count percentage of total count
 G = Total turns spent on level
                    A         B        C        D         E        F      G
               +---------+---------+-------+---------+---------+-------+---------
         Total |       0 |     419 |   0.0 |       0 |      16 |   0.0 |  1244
               +---------+---------+-------+---------+---------+-------+---------
           D:2 |       0 |       1 |   0.0 |       0 |       1 |   0.0 |    46
           D:3 |       0 |       1 |   0.0 |       0 |       1 |   0.0 |    69
           D:4 |       0 |     417 |   0.0 |       0 |      14 |   0.0 |  1112
               +---------+---------+-------+---------+---------+-------+---------
